 Dungeon Crawl Stone Soup version 0.20-a0-187-ge5586d949a (webtiles) character file.

400 KristoblXynda the Chopper (level 6, -1/76 HPs)
             Began as a Draconian Fighter on Nov 23, 2016.
             Killed from afar by Pikel (25 damage)
             ... with a wand of lightning (?/15)
             ... on level 4 of the Dungeon.
             The game lasted 00:05:16 (3653 turns).

KristoblXynda the Chopper (Draconian Fighter)       Turns: 3653, Time: 00:05:16

Health: -1/76      AC: 23    Str: 18    XL:     6   Next: 54%
Magic:  6/6        EV:  2    Int: 10    God:
Gold:   148        SH: 10    Dex: 11    Spells: 5/5 levels left

rFire  . . .     SeeInvis .     a - +0 war axe
rCold  . . .     Gourm    .     (armour unavailable)
rNeg   + + +     Faith    .     b - +1 shield
rPois  +         Spirit   .     (helmet currently unavailable)
rElec  .         Reflect  .     (cloak currently unavailable)
rCorr  .         Harm     .     (gloves currently unavailable)
MR     .....     NoTele   +     (boots currently unavailable)
Stlth  +.........               (no amulet)
                                (no ring)
                                e - ring of positive energy

@: tree-form
A: unfitting armour, (cold-blooded), AC +6
a: no special abilities


You were on level 4 of the Dungeon.
You were not hungry.
You were a tree.
You visited 1 branch of the dungeon, and saw 4 of its levels.

You collected 148 gold pieces.

Inventory:

Hand Weapons
 a - a +0 war axe (weapon)
Missiles
 l - 2 javelins (quivered)
Armour
 b - a +1 shield (worn)
Jewellery
 e - a ring of positive energy (left branch)
Wands
 f - a wand of digging (12/24)
Scrolls
 c - a scroll of teleportation
 g - 3 scrolls of identify
 h - a scroll of enchant armour
 j - 3 scrolls of immolation
 k - 3 scrolls of remove curse
 m - a scroll of blinking
Potions
 o - a potion of curing
Comestibles
 d - 2 bread rations


   Skills:
 - Level 3.2 Fighting
 * Level 5.7 Axes
 - Level 2.6 Dodging
 + Level 5.0 Shields


You had 5 spell levels left.
You didn't know any spells.

Dungeon Overview and Level Annotations

Branches:
Dungeon (4/15)
 Temple: D:4-7

Altars:
Trog

Annotations:
D:4 Pikel


Innate Abilities, Weirdness & Mutations

((Your plain brown scales are hard. (AC +6)))
You cannot fit into any form of body armour.
((You are cold-blooded and may be slowed by cold attacks.))


Message History

Your roots penetrate the ground.
Pikel zaps a wand.
The bolt of lightning hits you!
Unknown command.
You slash Pikel!
Pikel is lightly wounded.
Pikel says, "Slavery isn't that bad."
You block Pikel's attack.
You barely miss Pikel.
Pikel is lightly wounded.
The leopard gecko hisses menacingly.
You block Pikel's attack.
You hit Pikel.
Pikel is moderately wounded.
Pikel completely misses you.
Pikel scowls and wipes his hands on his robe.
Pikel zaps a wand.
Helpless, you fail to dodge the bolt of lightning.
* * * LOW HITPOINT WARNING * * *
You feel better.
Pikel zaps a wand.
The bolt of lightning hits you!
You die...

#..#........# .........=..#
##..#........# #..##...>.#.##
### #..###....#.## #.. ....
###..#.## ### #.#
#..#.###..#.## ... #.#
#........... # .p #♣#
#.##.##...#### #.
####.###.##K###.##..........
#.##......>..pl....##.##.......
#.##.##.###...†..............#.
#.......# ####.###.#...##......
##.......# #.# #..........#..
#........# #.# ###...##......
#.......# #.######.####..?..
#(......# #........# #####.


You could see Pikel, a slave and a leopard gecko.

Vanquished Creatures
  The ghost of Zenonira the Shield-Bearer, an amateur FoFi (D:3)
  3 slaves (D:4)
  A scorpion (D:4)
  An orc priest (D:4)
  Natasha (twice) (D:4)
  3 adders
  2 oozes
  2 worms (D:2)
  3 dart slugs
  4 leopard geckos
  5 orcs
  4 ball pythons
  3 giant cockroaches
  9 goblins
  9 hobgoblins
  10 jackals
  2 quokkas (D:3)
  10 bats
  4 frilled lizards
  10 kobolds
  8 rats
96 creatures vanquished.

Vanquished Creatures (others)
  An orc (D:4)
1 creature vanquished.

Grand Total: 97 creatures vanquished

Notes
Turn   | Place    | Note
-------+----------+-------------------------------------------
     0 | D:1      | KristoblXynda the Draconian Fighter began the quest for the Orb.
     0 | D:1      | Reached XP level 1. HP: 19/19 MP: 1/1
   120 | D:1      | Reached XP level 2. HP: 21/26 MP: 2/2
   585 | D:1      | Reached XP level 3. HP: 31/31 MP: 3/3
  1165 | D:2      | Reached XP level 4. HP: 35/38 MP: 4/4
  1616 | D:3      | Found a bloodstained altar of Trog.
  1791 | D:3      | Noticed Zenonira's ghost (amateur FoFi)
  1803 | D:3      | Killed Zenonira's ghost
  1803 | D:3      | Reached XP level 5. HP: 32/45 MP: 5/5
  1864 | D:3      | Reached skill level 5 in Axes
  2326 | D:4      | Noticed Natasha
  2332 | D:4      | Killed Natasha
  2332 | D:4      | Reached XP level 6. HP: 24/51 MP: 6/6
  2753 | D:4      | Noticed Natasha
  2767 | D:4      | Killed Natasha
  3005 | D:4      | Reached skill level 5 in Shields
  3046 | D:4      | Noticed a slave
  3046 | D:4      | Noticed a slave
  3052 | D:4      | Killed a slave
  3061 | D:4      | Killed a slave
  3062 | D:4      | Noticed a slave
  3072 | D:4      | Noticed Pikel
  3075 | D:4      | Noticed a slave
  3075 | D:4      | Killed a slave
  3653 | D:4      | Killed from afar by Pikel

Vault maps used:
D:1:      shiori_arrival_maze, minmay_stone_trees_small
D:2:      first_bread
D:3:      bloody_trog
D:4:      minmay_misc_feat_pillars, uniq_natasha, uniq_crazy_yiuf_cottage,
          uniq_pikel

Skill      XL: |  1  2  3  4  5  6 |
---------------+-------------------+-----
Axes           | 3 4 5 |  5.7
Shields        | 4 5 |  5.0
Fighting       | |  3.2
Dodging        | |  2.6

Action                   |  1- 3 |  4- 6 || total
-------------------------+-------+-------++-------
Melee: War axe           |   121 |   180 ||   301
       Tailslap          |    10 |    16 ||    26
  Use: Potion            |       |     3 ||     3
       Scroll            |       |    11 ||    11
 Stab: Sleeping          |     1 |     2 ||     3
  Eat: Chunk             |     1 |       ||     1
       Meat ration       |       |     1 ||     1
       Bread ration      |       |     1 ||     1
Armor: Skin              |    53 |    44 ||    97
Dodge: Dodged            |    84 |    81 ||   165
Block: Shield            |    84 |    93 ||   177
